 Dungeon Crawl Stone Soup version 0.28-a0-1412-gf95308ed99 (webtiles) character file.

Game seed: 11735555213452298002

17910 wakim the Grappler (level 12, -1/126 HPs)
             Began as a Troll Hunter on Jan 6, 2022.
             Was an Initiate of Yredelemnul.
             Slain by an eight-headed hydra (6 damage)
             ... on level 2 of the Lair of Beasts.
             The game lasted 00:53:39 (12235 turns).

wakim the Grappler (Troll Hunter)                  Turns: 12235, Time: 00:53:40

Health: -1/126     AC:  5    Str: 23    XL:     12   Next: 23%
Magic:  16/16      EV: 15    Int:  7    God:    Yredelemnul [......]
Gold:   893        SH:  0    Dex: 14    Spells: 11/11 levels left

rFire   + . .      SeeInvis .     - Unarmed
rCold   + . .      Faith    .   (no shield)
rNeg    . . .      Spirit   .   b - +0 robe
rPois   +          Reflect  .   n - +1 hat
rElec   .          Harm     .   C - scarf {rC+ rF+}
rCorr   .          Rampage  .   (gloves unavailable)
Will    .....                   (boots unavailable)
Stlth   +.........              (no amulet)
HPRegen 1.11/turn               H - ring of poison resistance
MPRegen 0.15/turn               G - +4 ring of evasion

@: about to teleport
A: large, unfitting armour, claws 3, regeneration 1, shaggy fur 1, tough skin 1
a: Renounce Religion, Recall Undead Harvest


You were on level 2 of the Lair of Beasts.
You worshipped Yredelemnul.
Yredelemnul was noncommittal.
You visited 3 branches of the dungeon, and saw 14 of its levels.

You collected 893 gold pieces.

Inventory:

Missiles
 c - 9 large rocks {=f}
 d - 6 throwing nets {=f!f}
 j - 31 poisoned darts
 s - 2 atropa-tipped darts
 t - 2 javelins
 u - 3 boomerangs (quivered)
 y - 4 silver javelins
 B - 2 curare-tipped darts {=f}
Armour
 b - a +0 robe (worn)
 n - a +1 hat (worn)
 q - a scarf of repulsion
 C - a scarf of resistance (worn)
 U - a +1 cloak
Jewellery
 m - a +6 ring of dexterity
 p - a ring of resist corrosion
 G - a +4 ring of evasion (right claw)
 H - a ring of poison resistance (left claw)
 O - a ring of positive energy
 P - a ring of ice
Wands
 v - a wand of flame (10)
 w - a wand of acid (10)
 x - a wand of charming (8)
 z - a wand of polymorph (13)
 I - a wand of iceblast (17)
Scrolls
 r - 3 scrolls of identify
 Q - 4 scrolls of immolation {!r!r}
 R - 4 scrolls of magic mapping {!r}
 S - a scroll of summoning
 T - 3 scrolls of teleportation
 V - a scroll of vulnerability {!r!r}
 W - 3 scrolls of enchant weapon
 X - a scroll of fog
 Y - 3 scrolls of blinking {!r}
 Z - a scroll of enchant armour
Potions
 o - a potion of degeneration {unknown}
 A - a potion of haste {unknown}
 D - 2 potions of brilliance
 E - 2 potions of cancellation {unknown}
 F - 5 potions of curing
 J - a potion of heal wounds
 K - 2 potions of magic
 L - 3 potions of lignification {!q}
 M - 3 potions of mutation {!q}
 N - 4 potions of might


   Skills:
 * Level 9.9 Fighting
 + Level 8.1 Throwing
 + Level 3.7 Dodging
 - Level 0.3 Stealth
 * Level 12.1 Unarmed Combat
 + Level 6.9 Invocations


You had 11 spell levels left.
You didn't know any spells.
Your spell library contained the following spells:

 Spells                   Type           Power      Damage    Failure   Level
 Animate Skeleton         Necr           0%         N/A       43%         1
 Pain                     Necr           0%         1d4       43%         1
 Ensorcelled Hibernation  Hex/Ice        0%         N/A       56%         2
 Sublimation of Blood     Necr           0%         N/A       56%         2
 Wereblood                Tmut           0%         N/A       56%         2
 Ignite Poison            Fire/Tmut/Pois 0%         N/A       80%         3
 Inner Flame              Hex/Fire       0%         N/A       80%         3
 Mephitic Cloud           Conj/Pois/Air  0%         N/A       80%         3
 Tukima's Dance           Hex            0%         N/A       80%         3
 Vampiric Draining        Necr           0%         2d6       80%         3
 Cause Fear               Hex            0%         N/A       99%         4
 Hailstorm                Conj/Ice       0%         3d3       99%         4
 Ice Form                 Ice/Tmut       0%         N/A       99%         4
 Summon Lightning Spire   Summ/Air       0%         N/A       99%         4
 Freezing Cloud           Conj/Ice/Air   0%         6-21      100%        5
 Simulacrum               Ice/Necr       0%         N/A       100%        6
 Dragon Form              Tmut           0%         N/A       100%        7
 Enfeeble                 Hex            0%         N/A       100%        7
 Storm Form               Tmut/Air       0%         N/A       100%        7
 Summon Hydra             Summ           0%         N/A       100%        7
 Discord                  Hex            0%         N/A       100%        8
 Maxwell's Capacitive Co  Air            0%         ∞         100%        8
 Dragon's Call            Summ           0%         N/A       100%        9


Dungeon Overview and Level Annotations

Branches:
Dungeon (11/15)            Temple (1/1) D:4            Lair (2/6) D:8
  Swamp: Lair:2-4    Shoals: Lair:2-4     Snake: Lair:2-4    Spider: Lair:2-4
    Orc: D:9-12

Altars:
Ashenzari
Cheibriados
Dithmenos
Elyvilon
Fedhas
Gozag
Hepliaklqana
Kikubaaqudgha
Makhleb
Nemelex Xobeh
Okawaru
Qazlal
Ru
Sif Muna
Trog
Uskayaw
Vehumet
Wu Jian
Xom
Yredelemnul
Zin
The Shining One

Shops:
D:8 ?


Innate Abilities, Weirdness & Mutations

You are too large for most types of armour.
You have claws for hands.
Your natural rate of healing is unusually fast.
You are covered in fur. (AC +1)
You have tough skin. (AC +1)


Message History

The mass of ice explodes!
The iceblast engulfs the eight-headed hydra!
The eight-headed hydra is moderately wounded.
The eight-headed hydra bites you. The eight-headed hydra bites you!
The eight-headed hydra bites you.
* * * LOW HITPOINT WARNING * * *
The eight-headed hydra misses you. The eight-headed hydra bites you!
* * * LOW HITPOINT WARNING * * *
The eight-headed hydra bites you!
* * * LOW HITPOINT WARNING * * *
The eight-headed hydra closely misses you.
The eight-headed hydra bites you!
* * * LOW HITPOINT WARNING * * *
The eight-headed hydra bites you!
* * * LOW HITPOINT WARNING * * *
The eight-headed hydra bites you.
* * * LOW HITPOINT WARNING * * *
The eight-headed hydra bites you!
* * * LOW HITPOINT WARNING * * *
The eight-headed hydra misses you.
The eight-headed hydra bites you but does no damage.
The eight-headed hydra bites you.
* * * LOW HITPOINT WARNING * * *
The eight-headed hydra bites you!
* * * LOW HITPOINT WARNING * * *
The eight-headed hydra bites you!
* * * LOW HITPOINT WARNING * * *
Okay, then.
As you read the scroll of teleportation, it crumbles to dust.
You feel strangely unstable.
The eight-headed hydra closely misses you.
The eight-headed hydra bites you!
* * * LOW HITPOINT WARNING * * *
The eight-headed hydra bites you!
* * * LOW HITPOINT WARNING * * *
The eight-headed hydra misses you. The eight-headed hydra bites you!
* * * LOW HITPOINT WARNING * * *
The eight-headed hydra bites you.
You die...
Your body rises from the dead as a mindless zombie.

### ### ###.# ### ##.######
####...####.###
####.#.##..#####.......<.....##
P##............#.................
...+..........#..#.............#.
#.#............#D#.[...........##
####..(.........@#.............#
#.............#.............#
#..........#..#.............##
#............#...............#
#...........+................##
#............##...........>...#
##..........####.............##
###P...+##.# #.#P.##.####.## #
#####....# ######P.....##


You could see an eight-headed hydra.

Vanquished Creatures
  A boulder beetle (Lair:1)
  A hydra (D:11)
  Urug (D:11)
  The ghost of Megustar the Arsonist, a novice DEFE of Vehumet (D:8)
  A gargoyle (D:9)
  3 cane toads
  A kobold demonologist (D:9)
  A komodo dragon (Lair:1)
  A troll (D:9)
  A meliai zombie (D:10)
  3 hornets
  A wraith (D:10)
  32 yaks
  A basilisk (Lair:2)
  3 vampire mosquitoes (D:7)
  2 acid dragons
  2 water moccasins (Lair:1)
  2 orc warriors
  3 black bears
  4 ice beasts
  A necrophage (D:6)
  3 ogres
  2 centaurs
  Blork the orc (D:6)
  5 bullfrogs
  A gnoll sergeant (D:9)
  3 kobold brigands
  6 wights
  A howler monkey (D:5)
  2 jellies (D:7)
  5 centaur zombies
  A bullfrog zombie (D:6)
  5 hounds
  A centaur skeleton (D:7)
  2 gnoll shamans
  2 orc priests
  A bullfrog skeleton (D:5)
  2 iguanas
  6 orc wizards
  15 gnolls
  8 adders
  An ufetubus (D:6)
  2 adder skeletons (D:4)
  A worm (D:4)
  2 dart slugs
  26 orcs
  5 endoplasms
  A giant cockroach (D:2)
  4 goblins
  7 hobgoblins
  3 jackals (D:1)
  22 kobolds
  4 quokkas
  5 ball pythons
  9 bats
  2 frilled lizards (D:1)
  3 rats
235 creatures vanquished.

Vanquished Creatures (collateral kills)
  Erica (D:8)
  Harold (D:8)
  A black mamba (Lair:2)
  2 cane toads (Lair:2)
  A shadow (D:10)
  5 yaks (D:10)
  A wyvern (D:10)
  A basilisk (Lair:2)
  A water moccasin (D:6)
  A black bear (D:8)
  2 ogres
  2 wights (D:8)
  A centaur zombie (D:9)
  2 orc wizards
  A gnoll (D:9)
  5 orcs
28 creatures vanquished.

Vanquished Creatures (others)
  A cane toad zombie (Lair:2)
  3 yak zombies
  A bullfrog zombie (D:7)
  A basilisk zombie (Lair:2)
  2 ogre zombies (D:7)
  A hound zombie (D:7)
  An iguana zombie (D:6)
  An adder zombie (D:5)
  A gnoll zombie (D:9)
  A kobold zombie (D:6)
  7 orc zombies
  4 fungi
  8 plants
32 creatures vanquished.

Grand Total: 295 creatures vanquished

Notes
Turn   | Place    | Note
-------+----------+-------------------------------------------
     0 | D:1      | wakim the Troll Hunter began the quest for the Orb.
     0 | D:1      | Reached XP level 1. HP: 19/19 MP: 0/0
    30 | D:1      | !bestwep
    72 | D:1      | Reached skill level 1 in Unarmed Combat
    88 | D:1      | Found a faded altar of an unknown god.
   262 | D:1      | Reached XP level 2. HP: 28/28 MP: 1/1
   708 | D:2      | Reached skill level 2 in Unarmed Combat
   832 | D:2      | Reached XP level 3. HP: 35/35 MP: 2/2
  1359 | D:2      | Reached skill level 3 in Unarmed Combat
  1359 | D:2      | Reached XP level 4. HP: 37/44 MP: 3/3
  1601 | D:3      | Found a shimmering blue altar of Sif Muna.
  2281 | D:4      | Noticed a gnoll sergeant
  2288 | D:4      | Reached XP level 5. HP: 50/50 MP: 4/4
  2335 | D:4      | Reached skill level 4 in Unarmed Combat
  2364 | D:4      | Found an opulent altar of Gozag.
  2409 | D:4      | Found a snail-covered altar of Cheibriados.
  2684 | D:3      | Reached XP level 6. HP: 42/61 MP: 5/5
  2726 | D:4      | Found a staircase to the Ecumenical Temple.
  2770 | Temple   | Entered the Ecumenical Temple
  2996 | Temple   | Became a worshipper of Yredelemnul the Dark
  3200 | D:4      | Found a broken altar of Ashenzari.
  3223 | D:4      | Found a sacrificial altar of Ru.
  3228 | D:4      | Found an ancient bone altar of Kikubaaqudgha.
  3230 | D:4      | Found a blossoming altar of Fedhas.
  3231 | D:4      | Found a burning altar of Makhleb.
  3236 | D:4      | Found an ornate altar of the Wu Jian Council.
  3239 | D:4      | Found a glowing golden altar of the Shining One.
  3458 | D:5      | Entered Level 5 of the Dungeon
  3465 | D:5      | Reached skill level 5 in Unarmed Combat
  3615 | D:5      | Reached * piety under Yredelemnul
  3616 | D:5      | Reached skill level 1 in Invocations
  3621 | D:5      | Noticed an ice beast
  3628 | D:5      | Killed an ice beast
  3629 | D:5      | Reached XP level 7. HP: 44/68 MP: 6/6
  3760 | D:5      | Reached ** piety under Yredelemnul
  4766 | D:6      | Found a shimmering altar of Xom.
  4779 | D:6      | Reached skill level 6 in Unarmed Combat
  4808 | D:6      | Noticed Blork the orc
  4819 | D:6      | Killed Blork the orc
  4820 | D:6      | Reached XP level 8. HP: 63/79 MP: 8/8
  5023 | D:6      | Reached skill level 5 in Fighting
  5073 | D:6      | Upgraded the game from 0.28-a0-1404-g4df0f3684d to
                  | 0.28-a0-1412-gf95308ed99
  5516 | D:7      | Reached skill level 7 in Unarmed Combat
  5584 | D:7      | Reached skill level 5 in Throwing
  5620 | D:7      | Found a sparkling altar of Nemelex Xobeh.
  5689 | D:7      | HP: 3/83 [vampire mosquito (5)]
  5853 | D:6      | Reached XP level 9. HP: 21/88 MP: 10/10
  6101 | D:7      | Found a bloodstained altar of Trog.
  6145 | D:7      | Reached skill level 8 in Unarmed Combat
  6595 | D:8      | Noticed Harold
  6613 | D:8      | Reached skill level 9 in Unarmed Combat
  6628 | D:8      | Killed Harold
  6629 | D:8      | Reached XP level 10. HP: 63/102 MP: 9/12
  6678 | D:8      | Noticed Erica
  6726 | D:8      | Killed Erica
  6882 | D:8      | Found Yhauc's Magic Scroll Emporium.
  6897 | D:8      | Reached skill level 5 in Invocations
  7011 | D:8      | Found a staircase to the Lair.
  7023 | D:8      | Reached *** piety under Yredelemnul
  7141 | D:8      | Reached skill level 10 in Unarmed Combat
  7148 | D:8      | Reached **** piety under Yredelemnul
  7212 | D:8      | Noticed Megustar's ghost (novice DEFE)
  7215 | D:8      | Found a runed translucent door.
  7539 | D:8      | Killed Megustar's ghost
  7729 | D:9      | Noticed a gargoyle
  7857 | D:9      | Killed a gargoyle
  8088 | D:9      | Reached XP level 11. HP: 113/113 MP: 14/14
  8684 | D:10     | Entered Level 10 of the Dungeon
  8883 | D:10     | Reached skill level 11 in Unarmed Combat
  9050 | D:10     | Reached ***** piety under Yredelemnul
  9321 | D:11     | Noticed Urug
  9535 | D:11     | Identified the +3 dagger "Esoele" {speed, Str-5 Int+4}
  9596 | D:11     | Noticed a five-headed hydra
 10052 | D:11     | Killed a five-headed hydra
 10127 | D:11     | Killed Urug
 10671 | Lair:1   | Entered Level 1 of the Lair of Beasts
 11022 | Lair:1   | You fall into a shaft and drop 1 floor!
 11031 | Lair:2   | Noticed an eight-headed hydra
 11435 | Lair:2   | Noticed a catoblepas
 11435 | Lair:2   | Noticed a six-headed hydra
 11463 | Lair:2   | Noticed a boulder beetle
 11630 | Lair:1   | Killed a boulder beetle
 11631 | Lair:1   | Reached XP level 12. HP: 85/126 MP: 14/16
 11860 | Lair:2   | Reached skill level 12 in Unarmed Combat
 11992 | Lair:2   | Identified the +1 falchion "Emuffoef" {vorpal, rElec rPois
                  | Str+5 Dex-3}
 12235 | Lair:2   | HP: 5/126 [eight-headed hydra (9)]
 12235 | Lair:2   | Slain by an eight-headed hydra

Illustrated notes

#......#
#......#
##.#.###
#......#
#..)...#
#..#.###
#......#
#####..####.#
#..†.@.......
##.#....###.#
# ##>#.#
#.#.# .#... #
####


Turn 30 on D:1: !bestwep

Levels and vault maps discovered:
D:1:      dpeg_arrival_ternary, layout_loops_ring,
          nicolae_ecumenical_snake_handling
D:2:      layout_basic, dk_noncrumbling_3, grunt_ministairs_11,
          hangedman_abyss_or_decor_stabs, minivault_19
D:3:      layout_rooms, lemuel_tele_altar, hangedman_decor_points
D:4:      layout_cave_pods, mainiacjoe_overflow_cross_hatched,
          nicolae_overflow_hallway_of_the_gods, slow_altar_1,
          minmay_temple_entry_slanted, serial_park, serial_park_tiny_1,
          serial_park_gazebo [serial_park_minivault_5x5_8], serial_park_tiny_2,
          serial_park_tiny_pond, serial_park_tiny_pond, nicolae_grassy_gnolls
D:5:      layout_basic
D:6:      layout_loops_ring, old_standard_altar, uniq_blork_the_orc
D:7:      layout_cave_pools, nemelex_dance_club_becter,
          mainiacjoe_overflow_paths, nicolae_elevator_lobby_plus
D:8:      layout_loops_ring, lair_entry_dummy, serial_shops,
          nicolae_shop_temple_entry_statues_fountains,
          hellmonk_ghost_happy_afterlife, uniq_harold, uniq_erica
D:9:      layout_loops_ring, chequers_serial_rivers_micro_c,
          mumra_transporter_accident
D:10:     layout_cave_pools
D:11:     layout_loops_ring, uniq_urug
Temple:   jpeg_temple_island
Lair:1:   layout_chaotic_city, beast_lair_carwin_11
Lair:2:   layout_roguey, spider_nest_entry_rubble

Skill      XL: |  1  2  3  4  5  6  7  8  9 10 11 12 |
---------------+-------------------------------------+-----
Unarmed Combat | 1 2 3 4 5 6 7 9 10 11 12 | 12.1
Fighting       | 2 3 4 5 7 8 9 |  9.9
Invocations    | 1 2 3 4 5 6 |  6.9
Throwing       | 4 5 6 7 8 |  8.1
Dodging        | 3 |  3.7
Stealth        | |  0.3

Action                   |  1- 3 |  4- 6 |  7- 9 | 10-12 || total
-------------------------+-------+-------+-------+-------++-------
Melee: Short sword       |     9 |       |       |       ||     9
       Unarmed           |    99 |   151 |   210 |   341 ||   801
       Punch             |     2 |     4 |     7 |    25 ||    38
Throw: Dart              |       |       |       |    18 ||    18
       Large rock        |       |       |       |     2 ||     2
       Boomerang         |       |       |       |    12 ||    12
Invok: Dark Bargain      |       |       |     2 |     7 ||     9
       Recall Undead Har |       |       |     1 |     7 ||     8
Evoke: Wand              |       |       |       |     5 ||     5
  Use: Scroll            |       |    10 |     3 |     7 ||    20
       Potion            |       |       |     1 |       ||     1
 Stab: Sleeping          |     2 |     1 |     2 |     1 ||     6
       Distracted        |       |       |     1 |     4 ||     5
Armor: Robe              |    36 |    70 |    44 |    61 ||   211
Dodge: Dodged            |    61 |   107 |    97 |   229 ||   494

Table legend: (Time is in decaauts)
 A = Elapsed time spent in this place.
 B = Non-inter-level travel time spent in this place.
 C = Inter-level travel time spent in this place.
 D = Time resting spent in this place.
 E = Time spent auto-exploring this place.
 F = Levels seen in this place.
 G = Mean time per level.
                   A        B        C        D        E       F      G
               +--------+--------+--------+--------+--------+-----+--------+
         Total |  12185 |  11023 |   1162 |    622 |   5250 |  14 |  870.4 |
       Dungeon |  10364 |   9256 |   1108 |    510 |   4277 |  11 |  942.2 |
        Temple |    279 |    268 |     11 |      0 |    255 |   1 |  279.0 |
          Lair |   1541 |   1499 |     42 |    112 |    718 |   2 |  770.5 |
               +--------+--------+--------+--------+--------+-----+--------+

Top non-repeatable levels by time:
     D:8: 1254 daAuts
     D:4: 1123 daAuts
     D:7: 1113 daAuts
     D:9: 973 daAuts
  Lair:1: 948 daAuts
     D:5: 938 daAuts
     D:3: 937 daAuts
     D:2: 937 daAuts
    D:11: 912 daAuts
     D:6: 827 daAuts
     D:1: 754 daAuts
  Lair:2: 593 daAuts
    D:10: 591 daAuts
  Temple: 279 daAuts
